AoeStats
← juanem92

Arabia

505284927Analyzed
2v2 RM · 25d ago on Sep 8, 2026· 70m 49s· 4 players
Game mode
Random Map
Map size
Medium (4 player)
Population
200
Speed
Normal
Resources
Standard
Victory
Conquest
Starting age
Dark Age
Ending age
Imperial Age
RankedLock teamsTeams togetherTeam positionsShared explorationLock speedFull tech treeHidden civsTurbo modeCheats
Victory
Defeat
🇪🇸 Malians · Spain
1055
+14
🇪🇸 Spanish · Spain
1002
+16
🇩🇪 Hindustanis · Germany
1070
-18
🇩🇪 Franks · Germany
928
-12
Lil_Martens
8:34 Loom
11:24 Feudal Age
18:11 Castle Age
16:23 Double-Bit Axe
16:40 Horse Collar
17:36 Scale Mail Armor
17:37 Gold Mining
20:02 Heavy Plow
20:12 Squires
22:17 Wheelbarrow
22:18 Forging
22:27 Grand Trunk Road
25:28 Hand Cart
27:33 Gold Shaft Mining
37:36 Imperial Age
35:46 Iron Casting
35:26 Chain Mail Armor
35:54 Town Watch
39:31 Ballistics
40:12 Chemistry
39:32 Murder Holes
39:47 Town Patrol
39:50 Fletching
41:01 Blast Furnace
41:49 Conscription
41:31 Shatagni
56:36 Bow Saw
58:11 Elite Skirmisher
58:53 Bodkin Arrow
58:58 Padded Archer Armor
61:02 Bracer
61:17 Leather Archer Armor
61:27 Pikeman
64:51 Ring Archer Armor
65:38 Caravan
70:45 Arson
Aventinus
5:37 Loom
10:34 Feudal Age
11:37 Double-Bit Axe
15:11 Wheelbarrow
18:01 Gold Mining
20:53 Castle Age
20:12 Stone Mining
21:49 Husbandry
22:33 Scale Barding Armor
22:39 Forging
28:31 Hand Cart
31:28 Chain Barding Armor
31:43 Iron Casting
31:59 Gold Shaft Mining
35:35 Bow Saw
36:11 #83
37:04 Fletching
41:23 Imperial Age
39:52 Ballistics
39:28 Murder Holes
39:24 Light Cavalry
41:18 Bodkin Arrow
43:11 Chemistry
42:48 Chivalry
42:26 Cavalier
44:46 Paladin
46:20 Plate Barding Armor
46:45 Blast Furnace
64:50 Conscription
66:09 Caravan
66:17 Caravan
Sheik
1:47 Loom
11:21 Feudal Age
12:27 Double-Bit Axe
13:10 Horse Collar
21:24 Castle Age
19:24 Gold Mining
19:45 Stone Mining
19:21 Man-at-Arms
21:16 Forging
22:14 Wheelbarrow
21:50 Scale Mail Armor
21:55 Pikeman
22:35 Squires
22:08 Long Swordsman
24:33 Bow Saw
28:49 Hand Cart
28:30 Fletching
31:42 Heavy Plow
33:11 Bloodlines
34:06 Town Watch
39:36 Imperial Age
38:17 Gold Shaft Mining
38:21 Stone Shaft Mining
39:26 Iron Casting
39:07 Chain Mail Armor
38:59 Arson
39:43 Bodkin Arrow
39:48 Padded Archer Armor
41:00 Ballistics
41:28 Elite Skirmisher
41:59 Elite Gbeto
42:59 Conscription
42:18 Two-Handed Swordsman
43:34 Town Patrol
44:37 Plate Mail Armor
43:53 Heavy Camel Rider
46:16 Chemistry
44:56 Treadmill Crane
45:16 Murder Holes
45:28 Husbandry
45:41 Champion
47:03 Leather Archer Armor
48:40 Farimba
49:20 Hoardings
52:18 Ring Archer Armor
51:53 Scale Barding Armor
51:13 Light Cavalry
54:48 Thumb Ring
56:24 Chain Barding Armor
60:39 Plate Barding Armor
juanem92
10:38 Feudal Age
11:01 Horse Collar
11:08 Double-Bit Axe
23:06 Castle Age
24:20 Pikeman
25:02 Squires
25:16 Bow Saw
28:24 Forging
28:14 Scale Mail Armor
39:32 Imperial Age
39:16 Elite Skirmisher
40:56 Fletching
41:06 Padded Archer Armor
60:04 Two-Man Saw
67:48 Heavy Plow
68:37 Bodkin Arrow
68:57 Leather Archer Armor
69:22 Iron Casting
68:47 Scale Mail Armor
68:20 Halberdier
Connection lost

Rejoining the realm…

Still unreachable

The connection could not be restored.

Session expired

The server has moved on; the page needs a fresh start.